 Dungeon Crawl Stone Soup version 0.31-a0-997-g9a2f3ffc92 (webtiles) character file.

Game seed: 8903094334727415043

196 Dirtsage the Chopper (level 5, 30/41 HPs)
             Began as a Demonspawn Monk on Nov 7, 2023.
             Quit the game on level 2 of the Dungeon.
             The game lasted 00:01:57 (1312 turns).

Dirtsage the Chopper (Demonspawn Monk)              Turns: 1312, Time: 00:01:58

Health: 30/41      AC:  5    Str: 13    XL:     5   Next: 46%
Magic:  5/5        EV: 11    Int: 18    God:
Gold:   131        SH:  6    Dex: 15    Spells: 4/4 levels left

rFire   + . .        a - +0 hand axe
rCold   . . .        d - orb {light}
rNeg    . . .        i - +0 ring mail
rPois   .            (no helmet)
rElec   .            (no cloak)
rCorr   .            (no gloves)
SInv    .            (no boots)
Will    .....        (no amulet)
Stlth   +            f - +6 ring of intelligence
HPRegen 0.26/turn    F - ring of protection from fire
MPRegen 0.09/turn

%: no passive effects
@: glowing
A: large bone plates 2, demonic guardian 1, demonic magic 1
a: no special abilities


You were on level 2 of the Dungeon.
You visited 1 branch of the dungeon, and saw 2 of its levels.

You collected 131 gold pieces.

Inventory:

Hand Weapons
 a - a +0 hand axe (weapon)
Armour
 b - a +0 robe
 d - an orb of light (worn)
 i - a +0 ring mail (worn)
Jewellery
 f - a +6 ring of intelligence (left hand)
 F - a ring of protection from fire (right hand)
Scrolls
 e - 2 scrolls of teleportation {unknown}
 h - a scroll of vulnerability {unknown}
 j - a scroll of enchant armour {unknown}
Potions
 c - a potion of ambrosia
 g - a potion of heal wounds {unknown}
 k - a potion of berserk rage {unknown}


   Skills:
 - Level 3.0 Fighting
 * Level 5.7 Axes
 - Level 2.6 Dodging


You had 4 spell levels left.
You didn't know any spells.
Your spell library was empty.

Dungeon Overview and Level Annotations

Branches:
Dungeon (2/15)

Altars:


Innate Abilities, Weirdness & Mutations

You are mostly covered in large bone plates. (SH +6)
A weak demonic guardian rushes to your aid.
Spells you cast may paralyse adjacent enemies.


Message History

Your quasit claws Sigmund but does no damage.
Your quasit barely misses Sigmund.
Your quasit claws Sigmund but does no damage. x2
You block Sigmund's attack.
You barely miss Sigmund.
Sigmund is heavily wounded.
Your quasit bites Sigmund but does no damage.
Your quasit claws Sigmund but does no damage.
Your quasit barely misses Sigmund.
You hit Sigmund.
Sigmund is heavily wounded.
Your quasit bites Sigmund but does no damage.
Your quasit claws Sigmund but does no damage.
Your quasit misses Sigmund.
Sigmund gestures wildly while chanting.
Sigmund flickers and vanishes for a moment.
Your quasit bites Sigmund.
Your quasit claws Sigmund but does no damage.
Your quasit barely misses Sigmund.
You hit Sigmund.
Sigmund is severely wounded.
Sigmund barely misses you.
Your quasit bites Sigmund.
Your quasit barely misses Sigmund.
Your quasit closely misses Sigmund.
You hit Sigmund.
Sigmund is almost dead.
Your quasit closely misses Sigmund.
Your quasit claws Sigmund.
Your quasit claws Sigmund but does no damage.
Sigmund barely misses you.
Your quasit bites Sigmund.
Your quasit closely misses Sigmund.
Your quasit claws Sigmund.
Sigmund dies!
Your Axes skill increases to level 5!
You have reached level 4!
You feel clever.
Your demonic ancestry asserts itself...
A menacing aura infuses your magic.
You have reached level 5!
Your demonic ancestry asserts itself...
Large bone plates spread over more of your arms.
You regained 9 hp, and now have 30/41 hp.
MP restored: 5 Are you sure you want to abandon this character and quit the game? (Confirm with "yes".)

#### ##...#
.#.....
.......##########
#....)@........#
##...5.#######.#
##..... #.#
##...## #.# ##.##
#.### #. #...# #.
###.# #+ #.# #.#


You could see a friendly quasit (summoned).

Vanquished Creatures
  An adder (D:2)
  A worm (D:2)
  A dart slug (D:1)
  6 ball pythons
  A bat (D:1)
  An endoplasm (D:2)
  A goblin (D:1)
  2 hobgoblins
  A quokka (D:1)
  7 frilled lizards
  4 kobolds
  5 rats
31 creatures vanquished.

Vanquished Creatures (collateral kills)
  Sigmund (D:2)
1 creature vanquished.

Grand Total: 32 creatures vanquished

Notes
Turn   | Place    | Note
-------+----------+-------------------------------------------
     0 | D:1      | Dirtsage the Demonspawn Monk began the quest for the Orb.
     0 | D:1      | Reached XP level 1. HP: 18/18 MP: 1/1
    52 | D:1      | Reached skill level 3 in Axes
   168 | D:1      | Gained mutation: You are partially covered in large bone
                  | plates. (SH +4) [demonic ancestry]
   168 | D:1      | Reached XP level 2. HP: 24/24 MP: 2/2
   622 | D:1      | Found a faded altar of an unknown god.
   622 | D:1      | Noticed a tormentor
  1179 | D:2      | Gained mutation: A weak demonic guardian rushes to your
                  | aid. [demonic ancestry]
  1179 | D:2      | Reached XP level 3. HP: 29/29 MP: 3/3
  1216 | D:2      | Reached skill level 4 in Axes
  1300 | D:2      | Noticed Sigmund
  1311 | D:2      | Killed Sigmund
  1312 | D:2      | Reached skill level 5 in Axes
  1312 | D:2      | Gained mutation: Spells you cast may paralyse adjacent
                  | enemies. [demonic ancestry]
  1312 | D:2      | Reached XP level 4. HP: 26/35 MP: 4/4
  1312 | D:2      | Gained mutation: You are mostly covered in large bone
                  | plates. (SH +6) [demonic ancestry]
  1312 | D:2      | Reached XP level 5. HP: 30/41 MP: 5/5
  1312 | D:2      | Quit the game

Illustrated notes

Levels and vault maps discovered:
D:1:      dpeg_arrival_orchard, layout_basic,
          dreamdust_ecumenical_altar_sealed_demon, minmay_lizard_pond
D:2:      layout_loops_corners, minmay_pentomino_t2, uniq_sigmund, uniq_terence,
          uniq_crazy_yiuf_cottage

Skill      XL: |  1  2  3 |
---------------+----------+-----
Axes           | 3 5 |  5.7
Fighting       | |  3.0
Dodging        | |  2.6

Action                     |  1- 3 |  4- 6 || total
---------------------------+-------+-------++-------
  Melee: Hand axe          |    88 |       ||    88
 Armour: Robe              |    32 |       ||    32
         Ring mail         |     5 |       ||     5
  Dodge: Dodged            |    57 |       ||    57
  Block: Orb               |    10 |       ||    10

Table legend: (Time is in decaauts)
 A = Elapsed time spent in this place.
 B = Non-inter-level travel time spent in this place.
 C = Inter-level travel time spent in this place.
 D = Time resting spent in this place.
 E = Time spent auto-exploring this place.
 F = Levels seen in this place.
 G = Mean time per level.
                   A        B        C        D        E       F      G
               +--------+--------+--------+--------+--------+-----+--------+
         Total |   1321 |   1214 |    107 |      0 |   1018 |   2 |  660.5 |
       Dungeon |   1321 |   1214 |    107 |      0 |   1018 |   2 |  660.5 |
               +--------+--------+--------+--------+--------+-----+--------+

Top non-repeatable levels by time:
     D:1: 674 daAuts
     D:2: 647 daAuts
